 Dungeon Crawl Stone Soup version 0.30.0-10-gfe55d96785 (webtiles) character file.

Game seed: 11938332216793855176

98 GigaChad the Shield-Bearer (level 5, -6/42 HPs)
             Began as a Formicid Fighter on May 16, 2023.
             Was a Follower of Jiyva.
             Mangled by Crazy Yiuf
             ... wielding a +3 quarterstaff of chaos
              (13 damage)
             ... on level 2 of the Dungeon.
             The game lasted 00:01:52 (1231 turns).

GigaChad the Shield-Bearer (Formicid Fighter)       Turns: 1231, Time: 00:01:52

Health: -6/42      AC:  7    Str: 22    XL:     5   Next: 0%
Magic:  5/5        EV:  9    Int:  8    God:    Jiyva [*.....]
Gold:   69         SH:  5    Dex: 13    Spells: 4/4 levels left

rFire   . . .        a - +0 war axe
rCold   . . .        c - +0 buckler
rNeg    . . .        b - +0 scale mail
rPois   .            (helmet unavailable)
rElec   .            (no cloak)
rCorr   .            (no gloves)
SInv    +            (no boots)
Will    .....        (no amulet) Stlth
                     (no ring)
HPRegen 1.07/turn    (no ring)
MPRegen 0.34/turn

%: no passive effects
@: no status effects
A: permanent stasis, dig shafts and tunnels, antennae 3, four strong arms
a: Dig, Shaft Self, Renounce Religion


You were on level 2 of the Dungeon.
You worshipped Jiyva.
Jiyva was aware of your devotion.
You visited 1 branch of the dungeon, and saw 2 of its levels.

You collected 69 gold pieces.

Inventory:

Hand Weapons
 a - a +0 war axe (weapon)
Armour
 b - a +0 scale mail (worn)
 c - a +0 buckler (worn)
Scrolls
 e - 2 scrolls of identify
 f - a scroll of fog {unknown}
 g - 2 scrolls of enchant weapon {unknown}
 i - a scroll of torment {unknown}
 m - 2 scrolls of teleportation {unknown}
Potions
 d - a potion of might
 h - a potion of cancellation {unknown}
 j - a potion of lignification {unknown}
 k - 2 potions of curing {unknown}
 l - a potion of ambrosia {unknown}


   Skills:
 * Level 3.7 Fighting
 * Level 3.4 Axes
 * Level 3.9 Armour
 - Level 0.3 Dodging
 * Level 4.6 Shields


You had 4 spell levels left.
You didn't know any spells.
Your spell library was empty.

Dungeon Overview and Level Annotations

Branches:
Dungeon (2/15)

Altars:
Jiyva

Annotations:
D:2 Crazy Yiuf


Innate Abilities, Weirdness & Mutations

You cannot be hasted, slowed, berserked, paralysed or teleported.
You can dig through walls and to a lower floor.
You have a pair of large antennae on your head. (SInv)
Your four strong arms can wield two-handed weapons with a shield.


Message History

You slash the fungus!
The fungus begins to die.
A nearby fungus withers and dies.
Found a hammer.
Found a runed translucent door.
A nearby fungus withers and dies.
Crazy Yiuf shouts!
You sense a monster nearby.
You open the door.
Unknown command.
You barely miss Crazy Yiuf.
Crazy Yiuf hits you with a +3 quarterstaff of chaos!
Crazy Yiuf yells, "Seed cower return to song!"
You block Crazy Yiuf's attack.
You hit Crazy Yiuf but do no damage.
Crazy Yiuf hits you with a +3 quarterstaff of chaos.
Unknown command.
You completely miss Crazy Yiuf.
Crazy Yiuf hits you with a +3 quarterstaff of chaos.
Crazy Yiuf freezes you.
Unknown command.
You closely miss Crazy Yiuf.
Crazy Yiuf says, "Lay action sing!"
Crazy Yiuf barely misses you.
Crazy Yiuf hits you with a +3 quarterstaff of chaos!
You resist with some effort.
Unknown command.
You barely miss Crazy Yiuf.
Crazy Yiuf hits you with a +3 quarterstaff of chaos!
* * * LOW HITPOINT WARNING * * *
Crazy Yiuf burns you.
* * * LOW HITPOINT WARNING * * *
Unknown command.
You hit Crazy Yiuf but do no damage.
Crazy Yiuf hits you with a +3 quarterstaff of chaos.
* * * LOW HITPOINT WARNING * * *
Unknown command.
Unknown command.
You hit Crazy Yiuf.
Crazy Yiuf is moderately wounded.
Crazy Yiuf hits you with a +3 quarterstaff of chaos!
You die...

# ##### #######....
##### #..........
#..)# #..........
#...# #..........
... ##.........> #g#
#........... ♣♣@♣
#........... ♣.♣♣
#........... ♣♣.♣
#........... ♣.♣♣
#.........<. ♣♣.♣♣
#........... ♣.PP♣♣
#...#....... ♣♣..P♣
#...#....... ##..##
#...#.......
#....####...#.......


You could see Crazy Yiuf.

Vanquished Creatures
  Robin (D:2)
  4 adders (D:2)
  A dart slug (D:1)
  2 giant cockroaches
  10 goblins (D:2)
  8 hobgoblins
  A quokka (D:1)
  4 ball pythons
  6 bats
  2 frilled lizards
  2 kobolds
  2 rats (D:2)
43 creatures vanquished.

Vanquished Creatures (others)
  An adder (D:2)
  An endoplasm (D:2)
  A ball python (D:2)
  A quokka (D:2)
4 creatures vanquished.

Grand Total: 47 creatures vanquished

Notes
Turn   | Place    | Note
-------+----------+-------------------------------------------
     0 | D:1      | GigaChad the Formicid Fighter began the quest for the Orb.
     0 | D:1      | Reached XP level 1. HP: 18/18 MP: 1/1
   220 | D:1      | Reached XP level 2. HP: 20/24 MP: 2/2
   506 | D:1      | Found a faded altar of an unknown god.
   742 | D:1      | Prayed at the altar of an unknown god.
   742 | D:1      | Became a worshipper of Jiyva Jaqyi the Shapeless
   742 | D:1      | Reached * piety under Jiyva
   761 | D:2      | Reached XP level 3. HP: 29/29 MP: 3/3
   787 | D:2      | Noticed Robin
   804 | D:2      | Reached XP level 4. HP: 30/36 MP: 4/4
   806 | D:2      | Killed Robin
  1025 | D:2      | Reached XP level 5. HP: 42/42 MP: 5/5
  1220 | D:2      | Found a runed translucent door.
  1221 | D:2      | Noticed Crazy Yiuf
  1231 | D:2      | Mangled by Crazy Yiuf

Illustrated notes

Levels and vault maps discovered:
D:1:      wheals_arrival_linesprint, layout_basic,
          chequers_ecumenical_altar_twisty, serial_rivers,
          chequers_serial_rivers_micro_b, chequers_serial_rivers_micro_a,
          chequers_serial_rivers_micro_a, chequers_serial_rivers_small_3,
          chequers_serial_rivers_room_b, kennysheep_pointless_box
D:2:      layout_rooms, kennysheep_nub, minmay_heptomino_d4,
          uniq_crazy_yiuf_cottage, uniq_robin

Skill      XL: |  1  2  3  4 |
---------------+-------------+-----
Axes           | 3 |  3.4
Fighting       | |  3.7
Armour         | |  3.9
Dodging        | |  0.3
Shields        | |  4.6

Action                     |  1- 3 |  4- 6 || total
---------------------------+-------+-------++-------
  Melee: War axe           |    51 |    49 ||   100
    Use: Scroll            |     1 |       ||     1
 Armour: Scale mail        |    40 |    22 ||    62
  Dodge: Dodged            |    31 |    23 ||    54
  Block: Buckler           |    26 |    12 ||    38
